Map: Amphion LE

Players

tariel

  • Race: Terran Terran
  • League: Silver
  • Spawn Location: 11:00

xBenx - Winner!

  • Race: Zerg Zerg
  • League: Gold
  • Spawn Location: 7:00

VOD

Have the link to the VOD?

Description

xBenx vs tariel

Time

  • Played on: April 2, 2024, 4:28 p.m.
  • Length: 24:54
Show
View Real Time Build Order
Export as new Build Order

tariel Terran 

Build Orders: 2 Factory 

Get SALT Encoding   

  12  0:01  SCV  
  13  0:13  SCV  
  14  0:19  Supply Depot  
  14  0:25  SCV  
  15  0:40  SCV  
  15  0:42  Barracks  
  16  1:04  Refinery  
  16  1:09  SCV, Refinery  
  17  1:18  Supply Depot  
  17  1:21  SCV  
  18  1:33  SCV  
  18  1:37  Marine  
  20  1:45  SCV  
  21  1:58  SCV  
  22  2:02  Barracks Reactor  
  22  2:10  Orbital Command  
  22  2:29  Factory  
  22  2:30  Factory  
  22  2:41  Marine x2  
  24  2:56  Command Center  
  24  3:28  Hellion x2  
  24  3:30  Factory Tech Lab, Barracks Tech Lab  
  28  3:39  Engineering Bay  
  28  3:41  SCV  
  29  3:49  Hellion, Infernal Pre-Igniter  
  31  4:07  Siege Tank, SCV, Supply Depot  
  31  4:08  Hellion  
  37  4:11  Hellion  
  37  4:12  Supply Depot  
  39  4:18  Orbital Command  
  39  4:29  Hellion  
  43  4:31  Marauder  
  43  4:42  Starport  
  43  4:46  SCV x2  
  45  4:54  Concussive Shells  
  45  4:59  Hellion  
  49  5:00  Hellion  
  49  5:14  Missile Turret  
  49  5:22  Terran Infantry Armor Level 1  
  52  5:28  Siege Tank  
  52  5:31  Starport Reactor  
  52  5:35  Marauder  
  54  5:37  Missile Turret  
  54  5:38  SCV  
  54  5:39  SCV  
  56  5:56  Stimpack  
  56  5:59  Missile Turret  
  56  6:07  Armory  
  56  6:17  Orbital Command  
  56  6:22  Medivac x2  
  60  6:25  Missile Turret  
  60  6:28  Hellion  
  62  6:47  Supply Depot  
  62  6:53  Supply Depot  
  62  7:09  Hellion x2, Marauder, SCV x2  
  62  7:14  Medivac  
  62  7:15  Hellion  
  74  7:21  SCV x2  
  76  7:27  Refinery  
  76  7:29  Refinery  
  76  7:33  SCV x2  
  76  7:36  Combat Shield  
  78  7:54  Supply Depot  
  78  7:56  Supply Depot  
  78  7:57  Supply Depot  
  78  8:00  Supply Depot  
  78  8:01  Supply Depot  
  78  8:10  Terran Vehicle And Ship Armor Level 1  
  78  8:16  Siege Tank, Marauder, SCV x2  
  78  8:19  Supply Depot  
  85  8:28  SCV x2  
  87  8:37  Marauder  
  87  8:40  Factory, SCV x2  
  91  8:45  Factory  
  91  8:48  Siege Tank  
  94  8:52  SCV x2  
  96  8:55  Missile Turret  
  96  8:59  Marauder  
  98  9:04  SCV x2  
  100  9:15  Command Center  
  100  9:16  SCV  
  101  9:31  Factory Tech Lab x2  
  101  9:33  Marauder  
  101  9:35  Thor  
  109  9:53  Thor  
  109  9:54  Marauder  
  117  10:04  Terran Vehicle Weapons Level 1  
  105  10:15  Marauder  
  105  10:17  Thor  
  111  10:37  Marauder  
  111  10:41  Missile Turret  
  113  10:45  Missile Turret  
  113  10:47  Missile Turret  
  113  10:50  Missile Turret  
  113  10:58  Marauder  
  113  11:01  Missile Turret  
  113  11:02  Missile Turret  
  115  11:05  Missile Turret  
  115  11:17  Terran Infantry Armor Level 2  
  115  11:26  Siege Tank  
  118  11:33  Refinery  
  118  11:59  Terran Ship Weapons Level 1  
  116  12:10  Hellion x5  
  126  12:20  Missile Turret  
  126  12:27  Supply Depot  
  126  12:29  Supply Depot  
  126  12:31  Hellion x3  
  126  12:32  Hellion x2, Supply Depot  
  136  12:41  Supply Depot  
  136  12:52  Thor  
  142  13:06  Planetary Fortress  
  142  13:16  Thor x2  
  154  13:30  SCV x2  
  154  13:33  Terran Infantry Weapons Level 1  
  156  13:35  Thor  
  162  13:42  SCV, Supply Depot  
  162  13:43  SCV  
  162  13:44  SCV  
  162  13:46  Command Center  
  165  13:54  SCV  
  165  13:55  SCV  
  167  13:56  SCV  
  161  14:12  SCV x3  
  146  14:24  SCV x2  
  146  14:30  Refinery  
  148  14:32  Refinery  
  148  14:37  SCV  
  149  15:07  Command Center  
  149  15:19  Supply Depot  
  149  15:20  Supply Depot  
  149  15:27  Hi-Sec Auto Tracking  
  149  15:29  Missile Turret  
  149  15:30  Missile Turret  
  149  15:31  Sensor Tower  
  149  15:32  Missile Turret  
  149  15:35  Missile Turret  
  148  15:42  Supply Depot  
  147  15:43  Supply Depot  
  141  15:52  Thor  
  147  16:03  SCV  
  148  16:08  Missile Turret  
  148  16:11  Missile Turret  
  148  16:15  SCV  
  149  16:24  Neosteel Armor  
  148  16:27  SCV  
  148  16:30  Missile Turret  
  148  16:31  Missile Turret  
  144  16:39  SCV  
  140  16:51  SCV  
  133  17:01  Siege Tank  
  129  17:33  Siege Tank x3  
  138  17:38  Terran Vehicle And Ship Armor Level 2  
  138  17:45  Hellion x2  
  142  18:05  Hellion  
  144  18:23  Hellbat x2  
  148  18:29  SCV  
  112  19:39  SCV  
  94  20:55  Command Center  
  94  21:06  Starport  
  94  21:11  Supply Depot  
  94  21:12  Supply Depot  
  94  21:14  Supply Depot  
  94  21:56  Supply Depot  
  60  23:18  Orbital Command  
Show
View Real Time Build Order
Export as new Build Order

xBenx Zerg - Winner!

Build Orders: Hatch First 

Get SALT Encoding   

  12  0:02  Drone  
  13  0:13  Drone  
  14  0:22  Overlord  
  14  0:45  Hatchery  
  14  0:49  Drone  
  14  0:54  Drone  
  15  1:08  Drone x2  
  17  1:11  Drone  
  17  1:13  Extractor  
  17  1:24  Extractor  
  16  1:27  Spawning Pool  
  16  1:29  Drone  
  16  1:37  Drone  
  17  1:47  Overlord  
  17  2:08  Drone x2  
  19  2:11  Drone  
  19  2:13  Queen  
  19  2:14  Queen  
  24  2:23  Drone  
  24  2:24  Drone  
  24  2:27  Drone  
  27  2:38  Roach Warren  
  26  2:44  Metabolic Boost  
  26  2:46  Drone  
  26  2:48  Drone  
  28  2:55  Drone  
  28  2:57  Zergling x2  
  28  2:58  Zergling x4  
  32  3:06  Drone  
  32  3:07  Drone  
  34  3:20  Lair  
  34  3:26  Drone x2, Extractor  
  35  3:28  Drone  
  36  3:38  Hatchery  
  35  3:46  Overlord  
  35  3:50  Drone  
  36  3:56  Evolution Chamber  
  36  4:02  Drone  
  35  4:04  Extractor  
  35  4:05  Overlord x2  
  35  4:08  Drone x4  
  38  4:11  Roach  
  40  4:38  Drone x3  
  43  4:39  Drone x2  
  43  4:42  Spore Crawler  
  43  4:43  Extractor  
  43  4:44  Spore Crawler  
  42  4:45  Spore Crawler  
  42  4:48  Spore Crawler  
  42  4:49  Drone  
  42  4:50  Drone x6  
  47  4:53  Zergling x2, Roach  
  50  5:12  Spore Crawler, Spire  
  50  5:13  Zerg Ground Armor Level 1  
  48  5:16  Zergling x4, Roach  
  48  5:17  Zergling x2  
  48  5:20  Drone  
  54  5:28  Drone  
  55  5:29  Drone  
  55  5:33  Queen  
  55  5:34  Queen  
  60  5:43  Drone  
  61  5:53  Drone  
  61  5:55  Spore Crawler  
  61  5:57  Spore Crawler  
  61  6:03  Spore Crawler  
  59  6:09  Drone x2, Infestation Pit  
  61  6:11  Drone x2  
  61  6:12  Drone x3  
  61  6:13  Overlord x2  
  61  6:14  Overlord  
  61  6:15  Overseer  
  65  6:24  Overlord  
  65  6:32  Mutalisk x3  
  65  6:33  Mutalisk  
  65  6:35  Mutalisk  
  75  6:50  Overseer  
  75  6:51  Drone x2  
  75  6:52  Drone  
  78  6:56  Spine Crawler  
  78  6:58  Spine Crawler  
  78  6:59  Drone  
  77  7:03  Mutalisk x2, Spine Crawler  
  80  7:10  Overlord  
  80  7:16  Zerg Flyer Weapons Level 1  
  80  7:19  Drone x3  
  83  7:24  Hatchery  
  82  7:37  Mutalisk x2  
  85  8:07  Hive  
  85  8:10  Infestor  
  87  8:20  Mutalisk  
  87  8:21  Zergling x2  
  87  8:22  Zergling x16  
  87  8:23  Zergling x14  
  87  8:25  Overseer, Overlord x3  
  105  8:32  Overlord  
  105  8:35  Zerg Ground Armor Level 2  
  105  9:06  Mutalisk x3  
  111  9:10  Overlord  
  111  9:11  Zergling x12, Zerg Flyer Armor Level 1  
  111  9:12  Zergling x26  
  130  9:20  Adrenal Glands  
  130  9:32  Overlord  
  130  9:34  Drone x2, Queen  
  134  9:40  Spire  
  134  9:43  Drone  
  134  9:45  Extractor  
  133  9:46  Drone, Extractor  
  133  9:47  Drone  
  133  9:48  Drone x2  
  133  9:49  Drone x3  
  139  10:19  Mutalisk x4  
  140  10:53  Greater Spire  
  140  10:55  Drone  
  140  10:56  Drone x2  
  143  11:03  Drone  
  143  11:04  Drone x14, Overseer  
  158  11:15  Overlord  
  158  11:21  Hatchery  
  157  11:29  Baneling Nest  
  157  11:31  Corruptor  
  158  11:34  Overlord x5  
  158  11:37  Overlord  
  158  11:41  Zerg Flyer Armor Level 2  
  141  12:06  Corruptor x4  
  137  12:12  Ultralisk Cavern  
  137  12:14  Baneling  
  137  12:15  Baneling x16  
  136  12:16  Baneling x4  
  136  12:29  Drone x2  
  139  12:30  Drone, Nydus Network  
  139  12:32  Drone x10  
  139  12:33  Drone x3  
  148  13:06  Overlord  
  148  13:15  Chitinous Plating, Centrifugal Hooks  
  148  13:16  Ultralisk  
  148  13:17  Ultralisk  
  160  13:24  Pneumatized Carapace  
  161  13:27  Drone x2  
  161  13:28  Drone  
  161  13:29  Drone x2  
  161  13:31  Extractor  
  161  13:32  Extractor  
  161  13:33  Spore Crawler x2  
  161  13:34  Queen  
  161  13:35  Drone x3  
  161  13:38  Extractor  
  161  13:39  Extractor  
  164  13:43  Brood Lord x2  
  164  13:44  Corruptor  
  164  13:46  Zergling x16  
  164  13:47  Zergling x38  
  186  14:15  Swarm Host  
  186  14:16  Zergling x10  
  186  14:17  Zergling x24  
  192  14:24  Baneling  
  192  14:25  Baneling x11  
  192  14:31  Baneling x9  
  192  14:32  Baneling x2  
  192  14:54  Mutalisk x2, Corruptor x2  
  192  14:59  Overlord x3  
  200  15:13  Overseer  
  200  15:19  Baneling  
  200  15:27  Baneling  
  200  15:28  Extractor, Baneling x19, Hatchery  
  198  15:29  Baneling  
  198  15:32  Extractor  
  197  15:35  Evolution Chamber  
  196  15:49  Mutalisk x3, Corruptor  
  198  16:00  Nydus Canal  
  198  16:08  Zerg Melee Weapons Level 1, Nydus Network  
  142  16:51  Zergling x4  
  142  16:52  Zergling x14, Ultralisk x5  
  142  16:53  Zergling x16  
  142  16:54  Zergling x10  
  191  16:55  Zergling x10  
  191  16:56  Nydus Canal  
  189  17:29  Brood Lord  
  191  17:33  Zergling x2  
  191  17:34  Zergling x16  
  200  17:42  Nydus Canal  
  200  17:51  Nydus Canal  
  200  17:54  Zerg Flyer Weapons Level 2  
  200  18:00  Nydus Canal  
  200  18:08  Nydus Canal  
  200  18:13  Baneling  
  200  18:14  Baneling x18  
  200  18:19  Nydus Canal  
  198  18:27  Burrow  
  198  18:30  Drone  
  198  18:31  Drone  
  197  19:06  Brood Lord x2  
  197  19:08  Extractor, Hatchery  
  197  19:10  Zergling x6  
  197  19:13  Extractor  
  197  19:14  Nydus Canal  
  197  19:16  Nydus Canal  
  188  19:28  Hatchery  
  175  19:47  Overlord x3  
  175  19:49  Overlord x5  
  175  19:50  Overlord x9  
  151  20:10  Spine Crawler x3  
  151  20:12  Spine Crawler  
  147  20:17  Evolution Chamber, Spawning Pool  
  147  20:20  Lair  
  147  20:21  Drone, Lair  
  143  20:53  Drone x3  
  143  20:56  Spawning Pool  
  145  20:59  Drone x3  
  148  21:05  Spawning Pool  
  143  21:34  Zergling x2  
  143  21:35  Zergling x40  
  162  21:51  Zergling x2  
  162  21:52  Zergling x12  
  169  21:57  Drone x3  
  169  22:00  Baneling Nest, Queen  
  173  22:05  Drone x3  
  105  22:44  Zergling x4  
  105  22:45  Zergling x36  
  105  22:58  Spire  
  104  22:59  Drone x2  
  104  23:00  Spire  
  104  23:01  Drone  
  104  23:03  Drone  
  105  23:09  Spawning Pool  
  105  23:12  Zergling x6  
  107  23:13  Zergling x14  
  107  23:15  Baneling x14  
  107  23:16  Baneling x28  
  107  23:18  Hatchery  
  113  23:24  Spore Crawler x2  
  113  23:25  Spore Crawler  
  110  23:30  Infestation Pit, Drone x2, Spine Crawler  
  110  23:31  Drone x3  
  110  23:32  Drone  
  110  23:33  Drone x4  
  97  24:18  Zergling x24  
  97  24:19  Zergling x12  
  120  24:31  Drone  
Tags
 
Add a new tag
Caveats
  • Supply blocks, unpowered buildings, or Contaminate may cause inaccurate times.
  • Supply counts are checked every 10 seconds.